 Dungeon Crawl Stone Soup version 0.31-a0-4-gefa6de2 (webtiles) character file.

Game seed: 12712156185010217586

112 Nithhogg the Trooper (level 4, -7/41 HPs)
             Began as a Hill Orc Fighter on May 4, 2023.
             Was a Follower of the Shining One.
             Mangled by an iguana (13 damage)
             ... on level 4 of the Dungeon.
             The game lasted 00:07:29 (2814 turns).

Nithhogg the Trooper (Hill Orc Fighter)             Turns: 2814, Time: 00:07:30

Health: -7/41      AC:  3    Str: 20    XL:     4   Next: 93%
Magic:  5/5        EV:  9    Int:  8    God:    the Shining One [*.....]
Gold:   224        SH:  0    Dex: 10    Spells: 3/3 levels left

rFire   . . .        a - +0 war axe
rCold   . . .        (no shield)
rNeg    . . .        b - +0 scale mail
rPois   .            (no helmet)
rElec   .            (no cloak)
rCorr   .            (no gloves)
SInv    .            (no boots)
Will    .....        (no amulet) Stlth
                     (no ring)
HPRegen 0.26/turn    (no ring)
MPRegen 0.09/turn

%: no passive effects
@: corroded, glowing
A: no striking features
a: Renounce Religion, Divine Shield


You were on level 4 of the Dungeon.
You worshipped the Shining One.
The Shining One was aware of your devotion.
You visited 1 branch of the dungeon, and saw 4 of its levels.

You collected 224 gold pieces.

Inventory:

Hand Weapons
 a - a +0 war axe (weapon)
Armour
 b - a +0 scale mail (worn)
 c - a +0 buckler
Jewellery
 q - a +4 ring of slaying
Wands
 o - a wand of acid (6)
Scrolls
 e - 7 scrolls of identify
 g - a scroll of enchant weapon
 p - a scroll of immolation {unknown}
 r - a scroll of amnesia {unknown}
 s - a scroll of butterflies {unknown}
 t - a scroll of vulnerability {unknown}
Potions
 d - 2 potions of might
 f - a potion of heal wounds {unknown}
 h - a potion of flight {unknown}
 i - a potion of invisibility {unknown}
 j - a potion of resistance {unknown}
 k - a potion of cancellation {unknown}
 l - a potion of degeneration {unknown}
 m - a potion of haste {unknown}
 n - 2 potions of curing {unknown}


   Skills:
 + Level 4.5 Fighting
 + Level 4.1 Axes
 + Level 4.1 Armour
 - Level 3.2 Shields
 + Level 2.6 Invocations


You had 3 spell levels left.
You didn't know any spells.
Your spell library contained the following spells:

 Spells                   Type           Power      Damage    Failure   Level
 Kiss of Death            Conj/Necr      0%         2d5       77%         1
 Sting                    Tmut/Pois      0%         1d3       77%         1
 Poisonous Vapours        Pois/Air       0%         N/A       88%         2
 Confusing Touch          Hex            0%         N/A       98%         3
 Dispel Undead            Necr           0%         3d6       100%        4
 Olgreb's Toxic Radiance  Pois           0%         N/A       100%        4


Dungeon Overview and Level Annotations

Branches:
Dungeon (4/15)
 Temple: D:4-7

Altars:
The Shining One

Shops:
D:2 [   D:3 !

Annotations:
D:4 CumLord's ghost, amateur DrBe


Message History

No target in view!
No target in view!
No target in view!
No target in view!
No target in view!
No target in view!
No target in view!
Things that are here:
a +0 whip; 3 stones; a hobgoblin corpse You open the door.
An iguana, a giant cockroach and a jelly come into view.
The jelly quivers.
The giant cockroach moves out of view.
The jelly hits you but does no damage.
There is an open door here.
You hit the iguana.
The iguana is moderately wounded.
You hit the jelly.
Your hands burn!
The jelly closely misses you. The iguana bites you.
You hit the iguana.
The iguana is heavily wounded.
You hit the jelly.
Your hands burn!
The jelly hits you but does no damage. The iguana bites you!
The giant cockroach closely misses you.
You slash the iguana!
The iguana is almost dead.
You hit the giant cockroach but do no damage.
You hit the jelly.
Your hands burn!
The iguana bites you. The jelly hits you but does no damage.
The giant cockroach bites you but does no damage.
The jelly hits you but does no damage.
The iguana bites you but does no damage.
You hit the iguana but do no damage.
The iguana is almost dead.
You hit the giant cockroach. You hit the jelly.
Your hands burn!
The giant cockroach bites you.
The giant cockroach bites you but does no damage.
The jelly hits you. The acid corrodes you!
You are splashed with acid!
* * * LOW HITPOINT WARNING * * *
The iguana bites you!
You die...

...........>.#
...........#'##
.........).#..#
..........##..#
##........##..#
####
.##........#..#
...#
..#...######).##
...# ..#...#
##8..8##B.#
..#...#
+......@l.#
.##...#
#..##..#J.#
W#..).#
########..#
Y#....# ...#
Z##...# ...# .
#.#.# ##+# #.#.#
##...# #....#


You could see an iguana, a jelly and a giant cockroach.

Vanquished Creatures
  4 adders
  A white imp (D:4)
  4 worms
  6 orcs (D:3)
  2 endoplasms
  A giant cockroach (D:4)
  5 goblins
  6 hobgoblins
  3 quokkas
  7 ball pythons
  4 bats (D:1)
  A frilled lizard (D:2)
  5 kobolds
  3 rats
52 creatures vanquished.

Notes
Turn   | Place    | Note
-------+----------+-------------------------------------------
     0 | D:1      | Nithhogg the Hill Orc Fighter began the quest for the Orb.
     0 | D:1      | Reached XP level 1. HP: 19/19 MP: 1/1
   158 | D:1      | Reached XP level 2. HP: 7/27 MP: 2/2
   302 | D:1      | Reached skill level 1 in Invocations
   897 | D:2      | Found a glowing golden altar of the Shining One.
   985 | D:2      | Reached XP level 3. HP: 13/33 MP: 2/4
   995 | D:2      | Became a worshipper of the Shining One
  1387 | D:2      | Reached XP level 4. HP: 33/40 MP: 5/5
  1562 | D:2      | Found Vunoaclu's Armour Shop.
  1945 | D:3      | Found Witzuch's Distillery.
  2452 | D:4      | Found a runed translucent gate.
  2452 | D:4      | Found a runed translucent gate.
  2452 | D:4      | Found a runed translucent gate.
  2772 | D:4      | Noticed CumLord's ghost (amateur DrBe)
  2772 | D:4      | Noticed an ice beast
  2772 | D:4      | Reached * piety under the Shining One
  2814 | D:4      | Mangled by an iguana

Illustrated notes

Levels and vault maps discovered:
D:1:      spicycebolla_arrival_xxxplode, layout_basic
D:2:      layout_loops_corners, serial_shops, shop_fountains, basic_altar,
          kennysheep_generic_room_15
D:3:      layout_basic, serial_shops, shop
D:4:      minmay_chambers_of_twos, layout_cave_pools, gammafunk_ghost_icy

Skill      XL: |  1  2  3  4 |
---------------+-------------+-----
Axes           | 3 4 |  4.1
Invocations    | 1 2 |  2.6
Fighting       | 4 |  4.5
Armour         | 4 |  4.1
Shields        | |  3.2

Action                     |  1- 3 |  4- 6 || total
---------------------------+-------+-------++-------
  Melee: War axe           |    70 |    66 ||   136
         Punch             |     1 |       ||     1
    Use: Scroll            |       |     4 ||     4
 Armour: Scale mail        |    45 |    30 ||    75
  Dodge: Dodged            |    40 |    35 ||    75

Table legend: (Time is in decaauts)
 A = Elapsed time spent in this place.
 B = Non-inter-level travel time spent in this place.
 C = Inter-level travel time spent in this place.
 D = Time resting spent in this place.
 E = Time spent auto-exploring this place.
 F = Levels seen in this place.
 G = Mean time per level.
                   A        B        C        D        E       F      G
               +--------+--------+--------+--------+--------+-----+--------+
         Total |   2857 |   2746 |    111 |      0 |   2337 |   4 |  714.2 |
       Dungeon |   2857 |   2746 |    111 |      0 |   2337 |   4 |  714.2 |
               +--------+--------+--------+--------+--------+-----+--------+

Top non-repeatable levels by time:
     D:2: 916 daAuts
     D:1: 911 daAuts
     D:3: 633 daAuts
     D:4: 395 daAuts
